cohdb
Replays
Latest Replays
All Replays
Popular Replays
Top Player Replays
Match Explorer
How It Works
Community
CoH3 Stats
Reddit
Sign in to upload your games and track your stats! →
Sign in with Steam
Match 42947284
Unlisted
Match 42947284
Overview
Messages
Build Orders
End
Pioneer Squad
Construct Infanterie Kompanie
MG 42 Machine Gun Team
Grenadier Squad
Selects Breakthrough Battlegroup
Selects Assault Grenadiers
Grenadier Squad
Construct Panzergrenadier Kompanie
Medical Station
251 Medium Carrier
Selects Rapid Production
Pak 40 Anti-tank Gun Team
MG 42 Bunker
Panzergrenadier Squad
MG 42 Bunker
Construct Panzer Kompanie
Pioneer Squad
Selects Blitzkrieg
Stoßtruppen Squad
Razarak
Legionary
Toxic teammate = i go afk lol
Dinglebop
0
0
Comments
sign in to comment!
No comments posted yet!